 Dungeon Crawl Stone Soup version 0.14.1-26-g5a19342 (webtiles) character file.

69413 MRaven the Severer (level 15, 0/126 HPs)
             Began as a Hill Orc Fighter on July 8, 2014.
             Was an Elder of Okawaru.
             Slain by an orc warlord
             ... wielding a +1,+1 battleaxe of freezing
              (11 damage)
             ... on Level 4 of the Orcish Mines on July 9, 2014.
             The game lasted 03:19:41 (30034 turns).

MRaven the Severer (Hill Orc Fighter)              Turns: 30034, Time: 03:19:41

HP   0/126       AC 28     Str 26      XL: 15   Next: 23%
MP  28/28        EV 11     Int 11      God: Okawaru [****..]
Gold 1922        SH 30     Dex 12      Spells:  0 memorised, 14 levels left

rFire  . . .     SeeInvis .     N - +5,+0 broad axe (freeze)
rCold  . . .     Clarity  .     T - +0 chain mail of Forking Paths {rElec Dex+2}
rNeg   + . .     Conserve .     w - +0 shield
rPois  .         rCorr    .     y - +0 helmet {Int+3}
rElec  +         rRot     .     W - +2 cloak {+Inv}
SustAb . .       Spirit   .     (no gloves)
rMut   .         Warding  +     X - +2 pair of boots
Saprov + . .     Stasis   .     S - amulet of warding
MR     +....                    i - +3 ring of protection
                                D - +2 ring of protection

@: heroism, drained, somewhat resistant to hostile enchantments, extremely
unstealthy
A: saprovore 1
a: Heroism, Renounce Religion, Evoke Invisibility


You were on level 4 of the Orcish Mines.
You worshipped Okawaru.
Okawaru was greatly pleased with you.
You were not hungry.

You visited 4 branches of the dungeon, and saw 23 of its levels.
You also visited: Ossuary.

You collected 2174 gold pieces.
You spent 252 gold pieces at shops.

Inventory:

Hand weapons
 c - a +5,-4 war axe of flaming
 j - a +1,+1 battleaxe of flaming
 q - the +6,+0 battleaxe of Fusiwnyr {pain, +Rage rElec rC+}
   (Okawaru gifted it to you on level 3 of the Lair of Beasts)

   In the hands of one skilled in necromantic magic, it inflicts extra damage on
   living creatures.
   It protects you from cold.
   It insulates you from electricity.
   It lets you go berserk.
 x - a +8,-1 battleaxe of electrocution
 N - a +5,+0 broad axe of freezing (weapon)
Armour
 w - a +0 shield (worn)
 y - a +0 helmet of intelligence (worn)
 G - a +1 pair of gloves
 Q - a +2 scale mail of cold resistance
 T - the +0 chain mail of Forking Paths (worn) {rElec Dex+2}
   (Okawaru gifted it to you on level 8 of the Lair of Beasts)

   It affects your dexterity (+2).
   It insulates you from electricity.
 V - the +1 pair of gloves of Fritirag {MR+ Str-5 Int+2}
   (You found it on level 8 of the Lair of Beasts)

   It affects your strength (-5).
   It affects your intelligence (+2).
   It affects your resistance to hostile enchantments.
 W - a +2 cloak of darkness (worn)
 X - a +2 pair of boots (worn)
Magical devices
 v - a wand of fireball (5)
 B - a wand of cold (1)
 P - a wand of fire (9)
Comestibles
 d - 2 meat rations
 k - 5 bread rations
 s - 8 honeycombs
Scrolls
 f - 2 scrolls of fog
 g - 2 scrolls of recharging
 h - 2 scrolls of enchant armour
 m - 8 scrolls of remove curse
 n - a scroll of identify
 o - 8 scrolls of teleportation
 p - a scroll of blinking
 t - 3 scrolls of magic mapping
 A - 2 scrolls of summoning
 F - 3 scrolls of enchant weapon II
 K - a scroll of silence
 M - a scroll of enchant weapon I
Jewellery
 i - a +3 ring of protection (right hand)
 l - an uncursed ring of protection from fire
 z - an uncursed amulet of the gourmand
 D - a +2 ring of protection (left hand)
 E - an uncursed ring of protection from cold
 L - an uncursed ring of protection from magic
 S - an amulet of warding (around neck)
 U - the amulet "Taetzu" {Cons -Tele Acc+4, unknown}
   (You found it on level 8 of the Lair of Beasts)

   [amulet of conservation]

   It affects your accuracy with ranged weapons and melee attacks (+4).
   It prevents most forms of teleportation.
Potions
 a - a potion of resistance
 b - a potion of beneficial mutation
 e - 2 potions of berserk rage
 r - 2 potions of magic
 H - 3 potions of curing
 I - 2 potions of restore abilities
 J - 2 potions of brilliance {unknown}
 O - a potion of invisibility
 Z - a potion of flight {unknown}
Books
 C - a book of Changes

   Spells                             Type                      Level
   Beastly Appendage                  Transmutation                1
   Sticks to Snakes                   Transmutation                2
   Spider Form                        Transmutation/Poison         3
   Ice Form                           Ice/Transmutation            4
   Blade Hands                        Transmutation                5
 Y - a book of Battle

   Spells                             Type                      Level
   Infusion                           Charms                       1
   Shroud of Golubria                 Charms/Translocation         2
   Song of Slaying                    Charms                       2
   Spectral Weapon                    Hexes/Charms                 3
   Regeneration                       Charms/Necromancy            3


   Skills:
 * Level 10.0(14.5) Fighting
 - Level 20.4(24.8) Axes
 + Level 12.0(16.5) Armour
 - Level 7.5(12.0) Dodging
 + Level 12.0(16.5) Shields
 + Level 9.7(9.3) Invocations


You had 14 spell levels left.
You didn't know any spells.

Dungeon Overview and Level Annotations

Branches:
Dungeon (10/15)            Temple (1/1) D:4             Orc (4/4) D:10
    Elf (0/3) Orc:3          Lair (8/8) D:9           Swamp (0/5) Lair:3
 Spider (0/5) Lair:3        Slime (0/6) Lair:6

Altars:
Ashenzari
Cheibriados
Elyvilon
Kikubaaqudgha
Okawaru
Sif Muna
Trog
Xom
Yredelemnul
The Shining One
Beogh

Shops:
Orc:2 =


Innate Abilities, Weirdness & Mutations

You can tolerate rotten meat.


Message History

The orc warlord completely misses you.
You slash the orc warlord! You freeze the orc warlord.
The orc warlord is moderately wounded.
You completely miss the orc warlord.
The orc warlord is moderately wounded.
You block the orc warlord's attack.
You slice the orc warlord like a ripe choko!!!
You freeze the orc warlord!
The orc warlord is severely wounded.
You closely miss the orc warlord.
The orc warlord is severely wounded.
You block the orc warlord's attack.
You hit the orc warlord but do no damage.
The orc warlord is severely wounded.
You slash the orc warlord! You freeze the orc warlord.
The orc warlord is almost dead.
The orc warlord hits you with a glowing battleaxe!
* * * LOW HITPOINT WARNING * * *
The orc warlord freezes you!
You die...

#....).....#
...
#..........#
oo
##..........#
.
#...........#
.
##..........#
#...........#
##..........#
##....§o#..#
##$....#@##.#
#.....§.§§###
##.....§§##
###.#.###
#####


You could see an orc warlord.

Vanquished Creatures
  An orc warlord (Orc:3)
  Maud (Lair:6)
  Fannar (Lair:2)
  3 hydras
  12 death yaks
  An orc high priest (Orc:4)
  An unseen horror (D:10)
  Erolcha (D:8)
  Joseph (Orc:1)
  An orc knight (Orc:3)
  An orc sorcerer (Orc:4)
  A griffon (Lair:4)
  A necromancer (Lair:7)
  A cyclops (Orc:2)
  A manticore (D:9)
  12 elephants
  Maurice (D:8)
  6 black mambas
  A feature mimic (Lair:6)
  A gargoyle (D:9)
  17 spiny frogs
  An item mimic (Ossuary)
  Grinder (D:3)
  8 komodo dragons
  The ghost of ant87 the Covered, an average HOFi (D:4)
  A giant leech (Lair:8)
  A queen bee (Lair:3)
  A troll (D:9)
  Prince Ribbit (D:5)
  3 two-headed ogres
  16 blink frogs
  A boulder beetle (Lair:8)
  3 basilisks
  A grizzly bear (Lair:6)
  5 sharks
  60 yaks
  Eustachio (Orc:1)
  8 hippogriffs
  2 elephant slugs
  A deep elf fighter (D:9)
  Grum (D:8)
  3 wargs
  4 vampire mosquitoes (Lair:8)
  2 hungry ghosts (D:10)
  Menkaure (D:5)
  4 wolves (D:8)
  2 necrophages (D:6)
  5 ice beasts
  12 porcupines
  15 water moccasins
  6 giant goldfish
  19 orc warriors
  A boring beetle (Lair:8)
  3 black bears
  8 centaurs
  3 phantoms
  10 crocodiles
  6 ogres
  A lava worm (Lair:8)
  3 big kobolds
  35 giant frogs
  11 giant slugs
  A gnoll sergeant (D:9)
  2 scorpions
  3 wights (D:8)
  A hippogriff skeleton (D:6)
  34 killer bees
  2 goliath beetles
  8 electric eels
  4 crimson imps
  A giant frog zombie (D:9)
  10 big fish
  A human zombie (Ossuary)
  A gnoll shaman (D:9)
  20 orc priests
  12 hounds
  16 jellies
  A soldier ant zombie (D:7)
  An elf skeleton (D:10)
  5 iguanas
  3 worker ants
  15 orc wizards
  4 orange rats (Lair:5)
  6 wolf simulacra (Lair:7)
  A yak simulacrum (Lair:7)
  8 sheep (Lair:6)
  A big kobold zombie (Ossuary)
  2 ogre skeletons
  2 hound zombies (Ossuary)
  2 polar bear simulacra (Lair:7)
  4 mummies (Ossuary)
  A hound skeleton (D:4)
  A worker ant zombie (D:8)
  75 green rats
  9 gnolls
  An orc skeleton (D:7)
  23 adders
  3 shadow imps
  A giant mite (D:4)
  An inept feature mimic (D:6)
  5 worms
  An adder zombie (Ossuary)
  A giant eyeball (D:4)
  3 giant geckos
  127 orcs
  24 goblins
  29 hobgoblins
  38 jackals
  25 kobolds
  11 quokkas
  4 ball pythons
  35 bats
  10 giant cockroaches
  A giant gecko skeleton (D:9)
  6 giant newts
  A goblin zombie (Ossuary)
  2 green rat simulacra (Lair:7)
  3 hobgoblin skeletons
  A hobgoblin zombie (D:6)
  2 jackal zombies (Ossuary)
  A kobold zombie (Ossuary)
  8 orc zombies
  A quokka zombie (D:6)
  30 rats
  A rat skeleton (D:7)
  A butterfly (D:4)
  14 fungi
  16 plants
1024 creatures vanquished.

Vanquished Creatures (others)
  A deep elf mage (D:10)
  An adder (D:10)
  A hobgoblin (D:10)
  28 fungi
  16 plants
47 creatures vanquished.

Grand Total: 1071 creatures vanquished

Notes
Turn   | Place    | Note
--------------------------------------------------------------
     0 | D:1      | MRaven, the Hill Orc Fighter, began the quest for the Orb.
     0 | D:1      | Reached XP level 1. HP: 19/19 MP: 1/1
   234 | D:1      | Reached XP level 2. HP: 26/26 MP: 2/2
   434 | D:1      | Reached skill level 4 in Axes
  1154 | D:2      | Reached XP level 3. HP: 31/31 MP: 3/3
  1590 | D:2      | Reached skill level 5 in Axes
  1716 | D:2      | Reached XP level 4. HP: 23/39 MP: 4/4
  2098 | D:2      | Reached skill level 6 in Axes
  2500 | D:3      | Noticed Grinder
  2509 | D:3      | Killed Grinder
  2509 | D:3      | Reached skill level 8 in Axes
  2509 | D:3      | Reached XP level 5. HP: 12/45 MP: 5/5
  2509 | D:3      | Reached XP level 6. HP: 13/51 MP: 6/6
  3103 | D:3      | Noticed an ice beast
  3122 | D:3      | Killed an ice beast
  3122 | D:3      | Reached skill level 9 in Axes
  3122 | D:3      | Reached XP level 7. HP: 44/57 MP: 7/7
  3870 | D:4      | Reached skill level 10 in Axes
  3960 | D:4      | Noticed ant87's ghost (average HOFi)
  4011 | D:4      | Killed ant87's ghost
  4172 | D:4      | Found a staircase to the Ecumenical Temple.
  4209 | Temple   | Entered the Ecumenical Temple
  4218 | Temple   | Became a worshipper of Warmaster Okawaru
  4724 | D:5      | Entered Level 5 of the Dungeon
  4808 | D:5      | Noticed Menkaure
  4815 | D:5      | Killed Menkaure
  4815 | D:5      | Reached skill level 11 in Axes
  4815 | D:5      | Reached XP level 8. HP: 6/64 MP: 8/8
  5434 | D:4      | Paralysed by a giant eyeball for 2 turns
  5438 | D:4      | Paralysed by a giant eyeball for 4 turns
  5604 | D:5      | Noticed Prince Ribbit
  5649 | D:5      | Killed Prince Ribbit
  5902 | D:5      | Got a dazzling short sword
  5903 | D:5      | Identified the cursed -1,+3 short sword of the Final Decision {slice, +Fly} (You found it on level 5 of the Dungeon)
  6309 | D:6      | Reached skill level 5 in Armour
  6578 | D:6      | Acquired Okawaru's first power
  6578 | D:6      | Reached skill level 12 in Axes
  6688 | D:6      | Reached skill level 5 in Shields
  6732 | D:6      | Reached XP level 9. HP: 70/70 MP: 9/9
  7248 | D:6      | Found a white marble altar of Elyvilon.
  7310 | D:6      | Reached skill level 13 in Axes
  8813 | D:8      | Noticed Maurice
  8832 | D:8      | Killed Maurice
  8832 | D:8      | Reached skill level 14 in Axes
  8832 | D:8      | Reached skill level 1 in Dodging
  8832 | D:8      | Reached XP level 10. HP: 17/77 MP: 8/10
  9029 | D:8      | Found a sand-covered staircase.
  9033 | Ossuary  | Entered an ossuary
  9814 | D:8      | Noticed Erolcha
  9841 | D:8      | Killed Erolcha
  9955 | D:8      | Reached skill level 15 in Axes
  9956 | D:8      | Found a bloodstained altar of Trog.
 10159 | D:8      | Noticed Grum
 10177 | D:8      | Killed Grum
 10772 | D:9      | Reached XP level 11. HP: 79/82 MP: 8/11
 10782 | D:9      | Reached skill level 16 in Axes
 11376 | D:9      | Found a shattered altar of Ashenzari.
 11376 | D:9      | Found a shimmering altar of Xom.
 11720 | D:9      | Acquired Okawaru's second power
 12075 | D:9      | Noticed a manticore
 12085 | D:9      | Killed a manticore
 12090 | D:9      | Reached skill level 17 in Axes
 12139 | D:9      | Found a staircase to the Lair.
 12144 | D:9      | Reached skill level 5 in Dodging
 12149 | Lair:1   | Entered Level 1 of the Lair of Beasts
 12422 | Lair:1   | Received a gift from Okawaru
 12546 | Lair:1   | Found a deep blue altar of Sif Muna.
 13759 | Lair:2   | Reached XP level 12. HP: 77/90 MP: 9/12
 13767 | Lair:2   | Reached skill level 10 in Shields
 14165 | Lair:2   | Noticed Fannar
 14189 | Lair:2   | Killed Fannar
 14189 | Lair:2   | Reached skill level 18 in Axes
 14469 | Lair:3   | Found a staircase to the Swamp.
 14604 | Lair:3   | Found a hole to the Spider Nest.
 14694 | Lair:3   | Found a snail-covered altar of Cheibriados.
 14965 | Lair:3   | Reached skill level 5 in Fighting
 15686 | Lair:3   | Received a gift from Okawaru
 15758 | Lair:3   | Got an ivory battleaxe {god gift}
 15770 | Lair:3   | Identified the +6,+0 battleaxe of Fusiwnyr {pain, +Rage rElec rC+} (Okawaru gifted it to you on level 3 of the Lair of Beasts)
 17081 | Lair:4   | Reached skill level 1 in Invocations
 17552 | Lair:4   | Noticed a death yak
 17552 | Lair:4   | Noticed a death yak
 17556 | Lair:4   | Noticed a death yak
 17569 | Lair:5   | Killed a death yak
 17587 | Lair:5   | Killed a death yak
 17662 | Lair:4   | Killed a death yak
 17810 | Lair:4   | Reached XP level 13. HP: 58/107 MP: 19/19
 18012 | Lair:5   | Received a gift from Okawaru
 19024 | Lair:4   | Identified 2 scrolls of acquirement
 20053 | Lair:5   | Reached skill level 5 in Invocations
 20510 | Lair:6   | Found a staircase to the Slime Pits.
 20617 | Lair:6   | Received a gift from Okawaru
 21053 | Lair:6   | Noticed Maud
 21064 | Lair:6   | Killed Maud
 21264 | Lair:6   | Reached skill level 10 in Armour
 22240 | Lair:8   | Entered Level 8 of the Lair of Beasts
 23147 | Lair:8   | Reached XP level 14. HP: 106/118 MP: 25/25
 23382 | Lair:8   | Reached skill level 19 in Axes
 24207 | Lair:8   | Received a gift from Okawaru
 24208 | Lair:8   | Got a bloodstained chain mail {god gift}
 24224 | Lair:8   | Identified the +0 chain mail of Forking Paths {rElec Dex+2} (Okawaru gifted it to you on level 8 of the Lair of Beasts)
 24742 | Lair:8   | Got a glittering tin amulet
 24749 | Lair:8   | Got a pair of encrusted gloves
 24753 | Lair:8   | Identified the +1 pair of gloves of Fritirag {MR+ Str-5 Int+2} (You found it on level 8 of the Lair of Beasts)
 25647 | Lair:8   | Reached skill level 20 in Axes
 26382 | D:10     | Entered Level 10 of the Dungeon
 26413 | D:10     | Found a staircase to the Orcish Mines.
 27561 | Orc:1    | Entered Level 1 of the Orcish Mines
 27571 | Orc:1    | Noticed Joseph
 27587 | Orc:1    | Killed Joseph
 27587 | Orc:1    | Received a gift from Okawaru
 27587 | Orc:1    | Reached XP level 15. HP: 120/124 MP: 28/28
 27850 | Orc:1    | Noticed Eustachio
 27854 | Orc:1    | Killed Eustachio
 28293 | Orc:2    | Found a roughly hewn altar of Beogh.
 28483 | Orc:2    | Found Kucrada's Jewellery Shoppe.
 28548 | Orc:2    | Bought a +3 ring of protection for 252 gold pieces
 28921 | Orc:3    | Found a staircase to the Elven Halls.
 29504 | Orc:4    | Entered Level 4 of the Orcish Mines
 29970 | Orc:4    | Reached skill level 10 in Fighting
 29992 | Orc:4    | HP: 5/126 [orc warrior/hand axe (11)]
 30034 | Orc:4    | Slain by an orc warlord

Action                   |  1- 3 |  4- 6 |  7- 9 | 10-12 | 13-15 || total
-------------------------+-------+-------+-------+-------+-------++-------
Melee: War axe           |   111 |    99 |    97 |       |   240 ||   547
       Broad axe         |       |       |   335 |  1005 |   453 ||  1793
       Battleaxe         |       |       |       |       |   594 ||   594
Throw: Dart              |       |       |     9 |     8 |       ||    17
Invok: Heroism           |       |       |     8 |    22 |    28 ||    58
       Finesse           |       |       |       |       |     7 ||     7
Evoke: Wand              |       |       |       |     4 |     7 ||    11
  Use: Scroll            |     5 |     2 |    14 |    14 |    10 ||    45
       Potion            |       |     1 |     5 |     8 |     6 ||    20
